 Dungeon Crawl Stone Soup version 0.25.1-2-g60ff931df9 (webtiles) character file.

Game seed: 3479809355168883858

189 gbos the Chopper (level 5, 0/49 HPs)
             Began as a Naga Fighter on Nov 18, 2020.
             Slain by Natasha (11 damage)
             ... on level 3 of the Dungeon.
             The game lasted 00:00:23 (2719 turns).

gbos the Chopper (Naga Fighter)                     Turns: 2719, Time: 00:00:23

Health: 0/49       AC:  3    Str: 19    XL:     5   Next: 68%
Magic:  5/5        EV:  7    Int:  8    God:
Gold:   77         SH:  8    Dex: 11    Spells: 4/4 levels left

rFire    . . .     SeeInvis +   Y - +1 war axe
rCold    . . .     Gourm    .   c - +0 kite shield
rNeg     . . .     Faith    .   h - +0 leather armour (curse)
rPois    +         Spirit   .   (no helmet)
rElec    .         Reflect  .   (no cloak)
rCorr    .         Harm     .   (no gloves)
MR       .....                  (no barding)
Stlth    +.........             (no amulet)
HPRegen  0.16/turn              (no ring)
MPRegen  0.09/turn              (no ring)

@: very slow
A: large, see invisible, deformed body, poison resistance, slowness 2, slow
metabolism 1, spit poison 1, AC +1
a: Spit Poison


You were on level 3 of the Dungeon.
You were hungry.

You visited 1 branch of the dungeon, and saw 3 of its levels.

You collected 77 gold pieces.


Innate Abilities, Weirdness & Mutations

You cannot wear boots.
Your serpentine skin is tough. (AC +1)
You have supernaturally acute eyesight. (SInv)
Armour fits poorly on your strangely shaped body.
Your system is resistant to poisons. (rPois)
You cover ground very slowly.
You have a slow metabolism.
You can spit poison.


   Skills:
 - Level 3.0 Fighting
 + Level 5.5 Axes
 - Level 2.4 Armour
 - Level 1.0 Dodging
 - Level 2.4 Shields


You had 4 spell levels left.
You didn't know any spells.
Your spell library was empty.

Inventory:

Hand Weapons
 g - a +0 whip
 Y - a +1 war axe (weapon)
Missiles
 a - 2 boomerangs (quivered)
Armour
 b - a +0 scale mail
 c - a +0 kite shield (worn)
 h - a cursed +0 leather armour (worn)
 m - a +0 chain mail
Jewellery
 k - a cursed ring of attention {unknown}
 o - an uncursed ring of flight {unknown}
Potions
 d - a potion of might
 f - 2 potions of curing
 i - a potion of degeneration {unknown}
 j - a potion of heal wounds {unknown}
 l - a potion of stabbing {unknown}
Comestibles
 e - 4 rations
 n - 3 chunks of flesh

Dungeon Overview and Level Annotations

Branches:
Dungeon (3/15)

Altars:
Nemelex Xobeh

Annotations:
D:3 Natasha


Message History

Natasha drinks a potion.
Natasha seems to grow stronger.
You hit Natasha but do no damage. You block Natasha's attack.
You are feeling hungry.
You hit Natasha but do no damage. You block Natasha's attack.
Natasha claws you!
Your shield prevents you from hitting Natasha.
Natasha claws you!
You barely miss Natasha.
Your shield prevents you from hitting the dart slug.
Natasha claws you. The dart slug barely misses you.
You closely miss Natasha. You hit the dart slug. Natasha claws you!
The dart slug bites you but does no damage.
You slice the dart slug!!
You kill the dart slug!
You miss Natasha. Natasha casts a spell at you. The magic dart hits you.
Natasha claws you!
You die...

#####.... .#.. .........
#####...#########...#
###..........# ##...#
............# ##.....
#..........####.(....
####....................
#.....%h......##.#>.....
.......@.......)..#.....
..............##.......#
...%..............###.##
.#............# #.......
###..........# ##..#.##
###.###%>.######...## #.
#.#....#####.|. #.
...####.).###.## ...#.##
###...)...


You could see Natasha (strong).

Vanquished Creatures
  An ogre (D:2)
  3 adders (D:2)
  An ooze (D:1)
  2 worms (D:2)
  A dart slug (D:3)
  3 leopard geckos
  6 orcs
  3 giant cockroaches
  7 goblins
  5 hobgoblins
  3 jackals (D:1)
  7 bats
  2 frilled lizards
  5 kobolds
  6 rats
55 creatures vanquished.

Notes
Turn   | Place    | Note
-------+----------+-------------------------------------------
     0 | D:1      | gbos the Naga Fighter began the quest for the Orb.
     0 | D:1      | Reached XP level 1. HP: 21/21 MP: 1/1
     0 | D:1      | 0 ||| counter = 242
    79 | D:1      | 79 ||| INVOKING Spit Poison.
   198 | D:1      | 198 ||| INVOKING Spit Poison.
   229 | D:1      | Reached XP level 2. HP: 26/28 MP: 2/2
   257 | D:1      | 257 ||| INVOKING Spit Poison.
   332 | D:1      | 332 ||| INVOKING Spit Poison.
   376 | D:1      | 376 ||| INVOKING Spit Poison.
   389 | D:1      | 389 ||| INVOKING Spit Poison.
   390 | D:1      | Reached skill level 3 in Axes
   427 | D:1      | 427 ||| INVOKING Spit Poison.
   474 | D:1      | 474 ||| INVOKING Spit Poison.
   483 | D:1      | 483 ||| INVOKING Spit Poison.
   486 | D:1      | 486 ||| INVOKING Spit Poison.
   491 | D:1      | 491 ||| INVOKING Spit Poison.
   494 | D:1      | 494 ||| INVOKING Spit Poison.
   692 | D:1      | Reached XP level 3. HP: 34/34 MP: 3/3
   806 | D:1      | 806 ||| UPGRADING to glowing leather armour.
   816 | D:1      | 816 ||| READING scroll labeled COTA VUASTARA.
   865 | D:2      | 865 ||| INVOKING Spit Poison.
   870 | D:2      | 870 ||| Stepping ~*~*~tactically~*~*~ (hiding).
   871 | D:2      | 871 ||| Stepping ~*~*~tactically~*~*~ (hiding).
   873 | D:2      | 873 ||| INVOKING Spit Poison.
   874 | D:2      | 874 ||| Waiting for ranged monster.
   875 | D:2      | 875 ||| Stepping ~*~*~tactically~*~*~ (hiding).
   880 | D:2      | 880 ||| Waiting for ranged monster.
   897 | D:2      | 897 ||| Stepping ~*~*~tactically~*~*~ (stealth).
   903 | D:2      | 903 ||| INVOKING Spit Poison.
   980 | D:2      | Noticed an ogre
   990 | D:2      | HP: 3/34 [ogre/+0 giant club (18)]
   993 | D:2      | Killed an ogre
   993 | D:2      | Reached skill level 5 in Axes
   993 | D:2      | Reached XP level 4. HP: 5/42 MP: 4/4
   993 | D:2      | Reached XP level 5. HP: 6/49 MP: 5/5
  1261 | D:2      | 1261 ||| EATING 3 rations.
  1275 | D:2      | 1275 ||| INVOKING Spit Poison.
  1281 | D:2      | 1281 ||| Stepping ~*~*~tactically~*~*~ (stealth).
  1283 | D:2      | 1283 ||| Stepping ~*~*~tactically~*~*~ (hiding).
  1284 | D:2      | 1284 ||| INVOKING Spit Poison.
  1285 | D:2      | 1285 ||| Waiting for ranged monster.
  1290 | D:2      | 1290 ||| Waiting for ranged monster.
  1408 | D:2      | 1408 ||| INVOKING Spit Poison.
  1433 | D:2      | 1433 ||| INVOKING Spit Poison.
  1460 | D:2      | 1460 ||| INVOKING Spit Poison.
  1463 | D:2      | 1463 ||| INVOKING Spit Poison.
  1496 | D:2      | 1496 ||| INVOKING Spit Poison.
  1542 | D:2      | 1542 ||| INVOKING Spit Poison.
  1629 | D:2      | 1629 ||| INVOKING Spit Poison.
  1635 | D:2      | Reached skill level 1 in Dodging
  1636 | D:2      | 1636 ||| INVOKING Spit Poison.
  1646 | D:2      | 1646 ||| INVOKING Spit Poison.
  1715 | D:2      | 1715 ||| Stepping ~*~*~tactically~*~*~ (hiding).
  1716 | D:2      | 1716 ||| Stepping ~*~*~tactically~*~*~ (hiding).
  1717 | D:2      | 1717 ||| Stepping ~*~*~tactically~*~*~ (hiding).
  1718 | D:2      | 1718 ||| Waiting for ranged monster.
  1719 | D:2      | 1719 ||| Stepping ~*~*~tactically~*~*~ (hiding).
  1727 | D:2      | 1727 ||| Waiting for ranged monster.
  1805 | D:2      | 1805 ||| INVOKING Spit Poison.
  2045 | D:2      | Found a sparkling altar of Nemelex Xobeh.
  2153 | D:2      | 2153 ||| READING scroll labeled COWOPUHOBO.
  2154 | D:2      | 2154 ||| READING scroll labeled YSILLUO YPSO.
  2155 | D:2      | 2155 ||| READING scroll labeled HUGHUN VYRGH.
  2156 | D:2      | 2156 ||| DRINKING 2 orange potions.
  2171 | D:3      | 2171 ||| STAIRDANCE
  2183 | D:3      | 2183 ||| STAIRDANCE
  2194 | D:3      | 2194 ||| STAIRDANCE
  2234 | D:3      | 2234 ||| Stepping ~*~*~tactically~*~*~ (stealth).
  2236 | D:3      | 2236 ||| INVOKING Spit Poison.
  2238 | D:3      | 2238 ||| STAIRDANCE
  2283 | D:3      | 2283 ||| STAIRDANCE
  2517 | D:3      | 2517 ||| INVOKING Spit Poison.
  2523 | D:3      | 2523 ||| INVOKING Spit Poison.
  2675 | D:3      | 2675 ||| INVOKING Spit Poison.
  2701 | D:3      | 2701 ||| INVOKING Spit Poison.
  2702 | D:3      | 2702 ||| INVOKING Spit Poison.
  2711 | D:3      | Noticed Natasha
  2719 | D:3      | HP: 11/49 [Natasha/magic dart (5)]
  2719 | D:3      | Slain by Natasha

Levels and vault maps discovered:
D:1:      kilobyte_arrival_exit_the_forest, layout_rooms, serial_park_tiny_1,
          dk_noncrumbling_3, minivault_25, minmay_door_square
D:2:      layout_basic, first_ration, nemelex_lonely_heart_becter
D:3:      layout_rooms, minivault_25, uniq_natasha

Skill      XL: |  1  2  3  4  5 |
---------------+----------------+-----
Axes           | 3 5 |  5.5
Dodging        | 1 |  1.0
Fighting       | |  3.0
Armour         | |  2.4
Shields        | |  2.4

Action                   |  1- 3 |  4- 6 || total
-------------------------+-------+-------++-------
Melee: War axe           |    45 |    78 ||   123
Throw: Boomerang         |       |     2 ||     2
 Abil: Spit Poison       |    15 |    17 ||    32
  Use: Scroll            |     1 |     3 ||     4
       Potion            |       |     1 ||     1
  Eat: Chunk             |       |     2 ||     2
       Ration            |       |     1 ||     1
Armor: Scale mail        |    12 |       ||    12
       Leather armour    |     4 |    15 ||    19
Dodge: Dodged            |    13 |    20 ||    33
Block: Kite shield       |    19 |    36 ||    55

Table legend:
 A = Non-vault XP
 B = Vault XP
 C = Vault XP percentage of total XP
 D = Non-vault monster count
 E = Vault monster count
 F = Vault count percentage of total count
                 A         B        C        D         E       F
            +---------+---------+-------+---------+---------+-------
      Total |     270 |       0 |   0.0 |      55 |       0 |   0.0
            +---------+---------+-------+---------+---------+-------
        D:1 |      34 |       0 |   0.0 |      17 |       0 |   0.0
        D:2 |     217 |       0 |   0.0 |      30 |       0 |   0.0
        D:3 |      19 |       0 |   0.0 |       8 |       0 |   0.0
            +---------+---------+-------+---------+---------+-------
